 Dungeon Crawl Stone Soup version 0.28-a0-247-gb8bfbab023 (webtiles) character file.

Game seed: 5903594317436075182

123 bande the Skirmisher (level 5, -2/34 HPs)
             Began as a Gargoyle Fighter on Aug 26, 2021.
             Killed from afar by Ijyb (7 damage)
             ... with a puff of flame
             ... on level 3 of the Dungeon.
             The game lasted 00:04:54 (2708 turns).

bande the Skirmisher (Gargoyle Fighter)             Turns: 2708, Time: 00:04:55

Health: -2/34      AC: 19    Str: 16 (19) XL:     5   Next: 7%
Magic:  5/5        EV:  4    Int:  7 (9)  God:
Gold:   64         SH:  8    Dex:  9 (10) Spells: 4/4 levels left

rFire   . . .      SeeInvis .   a - +0 war axe
rCold   . . .      Faith    .   c - +0 kite shield
rNeg    + . .      Spirit   .   f - +0 chain mail
rPois   ∞          Reflect  .   k - +0 helmet
rElec   +          Harm     .   j - +2 cloak
rCorr   .          Rampage  .   i - +0 pair of gloves
Will    .....                   g - +0 pair of boots
Stlth   ..........              (no amulet)
HPRegen 0.11/turn               (no ring)
MPRegen 0.09/turn               (no ring)

@: no status effects
A: sickness immunity, AC +4, negative energy resistance 1, electricity
resistance, torment resistance 1, petrification resistance
a: no special abilities


You were on level 3 of the Dungeon.
You visited 1 branch of the dungeon, and saw 3 of its levels.

You collected 64 gold pieces.

Inventory:

Hand Weapons
 a - a +0 war axe (weapon)
Armour
 c - a +0 kite shield (worn)
 f - a +0 chain mail (worn)
 g - a +0 pair of boots (worn)
 i - a +0 pair of gloves (worn)
 j - a +2 cloak (worn)
 k - a +0 helmet (worn)
Scrolls
 b - a scroll of acquirement {unknown}
Potions
 d - a potion of might
 e - 2 potions of resistance


   Skills:
 + Level 4.4 Fighting
 + Level 2.9 Axes
 + Level 3.6 Armour
 + Level 0.2 Dodging
 + Level 4.0 Shields


You had 4 spell levels left.
You didn't know any spells.
Your spell library contained the following spells:

 Spells                   Type           Power      Damage    Failure   Level
 Magic Dart               Conj           0%         1d3       100%        1
 Call Imp                 Summ           0%         N/A       100%        2
 Static Discharge         Conj/Air       0%         N/A       100%        2
 Mephitic Cloud           Conj/Pois/Air  0%         N/A       100%        3
 Lightning Bolt           Conj/Air       0%         1d11      100%        5
 Maxwell's Capacitive Co  Air            0%         ∞         100%        8


Dungeon Overview and Level Annotations

Branches:
Dungeon (3/15)

Altars:
Cheibriados
Gozag
Yredelemnul

Annotations:
D:3 Ijyb


Innate Abilities, Weirdness & Mutations

You are immune to sickness and miasma.
Your stone body is resilient. (AC +4)
You are immune to poison.
You resist negative energy. (rN+)
You are resistant to electric shocks. (rElec)
You are resistant to unholy torment.
You are immune to petrification.


Message History

You kill the bat!
You block Ijyb's attack.
Unknown command.
You closely miss Ijyb.
Ijyb is heavily wounded.
Ijyb zaps a wand.
The puff of flame hits you.
* * * LOW HITPOINT WARNING * * *
You block Ijyb's attack.
You hit Ijyb but do no damage.
Ijyb is heavily wounded.
You block Ijyb's attack. Ijyb hits you but does no damage.
You closely miss Ijyb.
Ijyb is heavily wounded.
Ijyb barely misses you.
You closely miss Ijyb.
Ijyb is heavily wounded.
Ijyb hits you but does no damage. x2
You hit Ijyb but do no damage.
Ijyb is heavily wounded.
Ijyb completely misses you.
You closely miss Ijyb.
Ijyb is heavily wounded.
Ijyb hits you but does no damage. x2
You closely miss Ijyb.
Ijyb is heavily wounded.
Ijyb zaps a wand.
The puff of flame misses you. You block Ijyb's attack.
You hit Ijyb.
Ijyb is severely wounded.
Ijyb hits you but does no damage.
You closely miss Ijyb.
Ijyb is severely wounded.
You block Ijyb's attack. Ijyb completely misses you.
You slash Ijyb!
Ijyb is almost dead.
Ijyb hits you with a +0 dagger.
* * * LOW HITPOINT WARNING * * *
You barely miss Ijyb.
Ijyb is almost dead.
Ijyb zaps a wand.
The puff of flame hits you!
You die...

.._. ###._8_
###### .......
......##......
............#
............###
........g......
.......@.....##
#####..........
#.!......##
#........#
###.#.##)#
#.#.# # #.#.#
#.#.# #.#


You could see Ijyb.

Vanquished Creatures
  Crazy Yiuf (D:2)
  Robin (D:3)
  3 gnolls
  2 dart slugs (D:2)
  4 bats
  3 endoplasms
  15 goblins
  2 hobgoblins
  5 jackals
  2 quokkas
  4 ball pythons
  A frilled lizard (D:2)
  3 kobolds
  2 rats
48 creatures vanquished.

Vanquished Creatures (collateral kills)
  A bat (D:2)
1 creature vanquished.

Grand Total: 49 creatures vanquished

Notes
Turn   | Place    | Note
-------+----------+-------------------------------------------
     0 | D:1      | bande the Gargoyle Fighter began the quest for the Orb.
     0 | D:1      | Reached XP level 1. HP: 14/14 MP: 1/1
   494 | D:1      | Reached XP level 2. HP: 18/19 MP: 2/2
   991 | D:1      | Found a faded altar of an unknown god.
  1227 | D:2      | Reached XP level 3. HP: 24/24 MP: 3/3
  1265 | D:2      | Found a runed translucent door.
  1266 | D:2      | Noticed Crazy Yiuf
  1486 | D:2      | Reached XP level 4. HP: 15/29 MP: 4/4
  2190 | D:2      | Killed Crazy Yiuf
  2366 | D:3      | Noticed Robin
  2382 | D:3      | Killed Robin
  2530 | D:3      | Reached XP level 5. HP: 34/34 MP: 5/5
  2674 | D:3      | Noticed Ijyb
  2679 | D:3      | Found a snail-covered altar of Cheibriados.
  2679 | D:3      | Found a basalt altar of Yredelemnul.
  2680 | D:3      | Found an opulent altar of Gozag.
  2708 | D:3      | Killed from afar by Ijyb

Illustrated notes

Levels and vault maps discovered:
D:1:      dpeg_arrival_short_road, layout_loops_ring,
          shapermc_ecumenical_altar_flowoftime
D:2:      layout_rooms, uniq_crazy_yiuf_cottage
D:3:      layout_basic, lemuel_doored_altar,
          chequers_temple_overflow_statue_of_worship, lightli_corner_chamber,
          uniq_ijyb, uniq_robin, uniq_grinder

Skill      XL: |  1  2  3  4 |
---------------+-------------+-----
Axes           | 2 |  2.9
Fighting       | 4 |  4.4
Shields        | 4 |  4.0
Armour         | |  3.6
Dodging        | |  0.2

Action                   |  1- 3 |  4- 6 || total
-------------------------+-------+-------++-------
Melee: War axe           |    84 |    74 ||   158
  Use: Scroll            |     2 |       ||     2
       Potion            |       |     1 ||     1
Armor: Scale mail        |     5 |       ||     5
       Chain mail        |    62 |    45 ||   107
Dodge: Dodged            |    29 |    19 ||    48
Block: Kite shield       |    49 |    41 ||    90

Table legend: (Time is in decaauts)
 A = Elapsed time spent in this place.
 B = Non-inter-level travel time spent in this place.
 C = Inter-level travel time spent in this place.
 D = Time resting spent in this place.
 E = Time spent auto-exploring this place.
 F = Levels seen in this place.
 G = Mean time per level.
                   A        B        C        D        E       F      G
               +--------+--------+--------+--------+--------+-----+--------+
         Total |   2805 |   2788 |     17 |   1042 |   1198 |   3 |  935.0 |
       Dungeon |   2805 |   2788 |     17 |   1042 |   1198 |   3 |  935.0 |
               +--------+--------+--------+--------+--------+-----+--------+

Top non-repeatable levels by time:
     D:1: 1412 daAuts
     D:2: 1156 daAuts
     D:3: 236 daAuts
